 Dungeon Crawl Stone Soup version 0.32-a0-711-g016ad743e0 (webtiles) character file.

Game seed: 10000938248809601036

299156 cforsyth the Warrior (level 20, 0/286 HPs)
             Began as a Mountain Dwarf Cinder Acolyte on Mar 15, 2024.
             Was a High Priest of Ignis.
             Killed from afar by a spellforged servitor (28 damage)
             ... with an iron shot
             ... summoned by Frederick
             ... on level 2 of the Vaults on Mar 16, 2024.
             The game lasted 02:25:33 (70119 turns).

cforsyth the Warrior (MDCA)                        Turns: 70119, Time: 02:25:38

Health: 0/286      AC: 32    Str: 23    XL:     20   Next: 14%
Magic:  0/19       EV:  8    Int: 24    God:    Ignis [*****.]
Gold:   2675       SH: 12    Dex:  7    Spells: 14/30 levels left

rFire   + + +        a - +4 broad axe "Qeasiots" {flame, +Blink rF++ rC- Stlth+}
rCold   . . .        b - +1 kite shield {AC+3}
rNeg    + . .        x - +1 pearl dragon scales
rPois   +            y - +2 hat {SInv}
rElec   +            f - +0 cloak {Will+}
rCorr   .            T - +2 pair of gloves
SInv    +            l - +1 pair of boots
Will    ++++.        w - amulet "Buskugri" {Spirit rElec rC+ MP-9} Stlth
                     I - +6 ring of intelligence
HPRegen 0.67/turn    R - ring of the Shining Light {rPois Will+ Dex+2 Slay+2}
MPRegen 0.16/turn

%: guardian spirit
@: berserking, studying Stealth, very quick
A: runic magic, artefact enchanting
}: 2/15 runes: decaying, serpentine
a: Renounce Religion, Evoke Blink, Fiery Armour, Foxfire Swarm, Rising Flame


You were on level 2 of the Vaults.
You worshipped Ignis.
Ignis was extremely pleased with you.
You visited 6 branches of the dungeon, and saw 32 of its levels.
You also visited: Bailey, Gauntlet and Ice Cave.

You collected 3702 gold pieces.
You spent 1027 gold pieces at shops.


Innate Abilities, Weirdness & Mutations

Your spellcasting is much less encumbered by armour.
You can use scrolls of enchantment on lesser artefacts.


   Skills:
 + Level 19.5 Fighting
 - Level 18.0 Axes
 + Level 17.2 Armour
 - Level 6.0 Stealth
 - Level 15.0 Shields
 - Level 5.8 Spellcasting
 + Level 16.7 Fire Magic
 + Level 10.9 Air Magic


You had 14 spell levels left.
You knew the following spells:

 Your Spells              Type           Power      Damage    Failure   Level
a - Airstrike             Air            28%        2d(4-20)  1%          4
X - Scorch                Fire           100%       2d9       1%          2
Y - Summon Blazeheart Go  Fire/Summ      47%        N/A       4%          4
Z - Plasma Beam           Fire/Air       32%        2x1d45    8%          6

Your spell library contained the following spells:

 Spells                   Type           Power      Damage    Failure   Level
 Foxfire                  Conj/Fire      100%       2x1d9     1%          1
 Shock                    Conj/Air       100%       1d9       1%          1
 Swiftness                Air            56%        N/A       1%          3
 Volatile Blastmotes      Fire/Tloc      94%        2d17      1%          3
 Cigotuvi's Dreadful Rot  Necr/Alch/Air  48%        N/A       4%          2
 Apportation              Tloc           14%        N/A       14%         1
 Freeze                   Ice            28%        1d5       14%         1
 Kiss of Death            Conj/Necr      28%        2d7       14%         1
 Necrotise                Necr           28%        1d5       14%         1
 Sting                    Conj/Alch      28%        1d4       14%         1
 Summon Small Mammal      Summ           28%        N/A       14%         1
 Ensorcelled Hibernation  Hex/Ice        14%        N/A       22%         2
 Jinxbite                 Hex            14%        N/A       22%         2
 Call Canine Familiar     Summ           7%         N/A       41%         3
 Confusing Touch          Hex            7%         N/A       41%         3
 Frozen Ramparts          Ice            14%        1d3       41%         3
 Fugue of the Fallen      Necr           7%         N/A       41%         3
 Gell's Gravitas          Tloc           7%         N/A       41%         3
 Hailstorm                Conj/Ice       7%         3d5       41%         3
 Ozocubu's Armour         Ice            7%         N/A       41%         3
 Passwall                 Erth           7%         N/A       41%         3
 Teleport Other           Tloc           7%         N/A       41%         3
 Tukima's Dance           Hex            7%         N/A       41%         3
 Silence                  Hex/Air        16%        N/A       41%         5
 Starburst                Conj/Fire      23%        6d8       56%         6
 Anguish                  Hex/Necr       3%         N/A       82%         4
 Dimensional Bullseye     Hex/Tloc       3%         N/A       82%         4
 Dispel Undead            Necr           7%         3d8       82%         4
 Fulminant Prism          Conj/Alch      3%         3d5       82%         4
 Iskenderun's Mystic Bla  Conj/Tloc      7%         2d4       82%         4
 Manifold Assault         Tloc           7%         N/A       82%         4
 Martyr's Knell           Necr/Summ      7%         N/A       82%         4
 Olgreb's Toxic Radiance  Alch           7%         N/A       82%         4
 Passage of Golubria      Tloc           7%         N/A       82%         4
 Metabolic Englaciation   Hex/Ice        3%         N/A       99%         5
 Yara's Violent Unravell  Hex/Alch       3%         3d4       99%         5
 Bombard                  Conj/Erth      3%         9d1       100%        6
 Dispersal                Tloc           3%         N/A       100%        6
 Enfeeble                 Hex            3%         N/A       100%        7
 Orb of Destruction       Conj           3%         9d5       100%        7
 Ozocubu's Refrigeration  Ice            3%         4d8       100%        7
 Spellforged Servitor     Conj/Summ      3%         N/A       100%        7
 Discord                  Hex            3%         N/A       100%        8
 Disjunction              Tloc           3%         N/A       100%        8
 Lehudib's Crystal Spear  Conj/Erth      3%         10d3      100%        8

Inventory:

Hand Weapons
 a - the +4 broad axe "Qeasiots" (weapon) {flame, +Blink rF++ rC- Stlth+}
   (You acquired it on level 10 of the Dungeon)

   rF++:      It greatly protects you from fire.
   rC-:       It makes you vulnerable to cold.
   +Blink:    It lets you blink.
   Stlth+:    It makes you more stealthy.
 h - a +2 broad axe of chaos
Armour
 b - a +1 kite shield of protection (worn)
 f - a +0 cloak of willpower (worn)
 l - a +1 pair of boots (worn)
 x - +1 pearl dragon scales (worn)
 y - a +2 hat of see invisible (worn)
 T - a +2 pair of gloves (worn)
 X - a scarf of resistance
Jewellery
 r - an amulet of reflection
 w - an amulet "Buskugri" (around neck) {Spirit rElec rC+ MP-9}
   (You found it in a Gauntlet)

   [amulet of guardian spirit]

   Spirit:    It causes incoming damage to be divided between your reserves of
   health and magic.
   rC+:       It protects you from cold.
   rElec:     It insulates you from electricity.
   MP-9:      It affects your magic capacity (-9).
 C - a ring of protection from cold
 I - a +6 ring of intelligence (left hand)
 N - an amulet of regeneration
 P - a ring of poison resistance
 R - the ring of the Shining Light (right hand) {rPois Will+ Dex+2 Slay+2}
   (You bought it in a shop on level 2 of the Snake Pit)

   [ring of willpower]

   Dex+2:     It affects your dexterity (+2).
   Slay+2:    It affects your accuracy & damage with ranged weapons and melee
   (+2).
   rPois:     It protects you from poison.
   Will+:     It increases your willpower.
Wands
 d - a wand of digging (22)
 n - a wand of paralysis (21)
 v - a wand of mindburst (44)
 L - a wand of acid (2)
 Q - a wand of flame (25)
 U - a wand of iceblast (25)
Scrolls
 c - 5 scrolls of noise
 i - 4 scrolls of fog
 k - 2 scrolls of summoning
 p - 2 scrolls of fear
 q - a scroll of immolation
 s - 10 scrolls of vulnerability
 u - 3 scrolls of enchant weapon
 z - 12 scrolls of identify {@r1}
 A - 2 scrolls of silence {!r}
 D - a scroll of brand weapon
 E - 4 scrolls of poison
 H - 2 scrolls of blinking
 M - 5 scrolls of revelation
 O - 6 scrolls of enchant armour
 S - 4 scrolls of teleportation {@r2}
Potions
 e - 6 potions of curing {@q1}
 g - a potion of invisibility
 j - 8 potions of brilliance
 m - 3 potions of haste {@q3}
 t - 7 potions of mutation
 B - 5 potions of enlightenment
 F - 4 potions of cancellation
 G - 6 potions of attraction
 J - 7 potions of resistance
 V - a potion of might
 Y - 3 potions of lignification
 Z - 3 potions of magic
Miscellaneous
 o - a condenser vane
 W - a phial of floods (inert)

Dungeon Overview and Level Annotations

Branches:
Dungeon (15/15)            Temple (0/1) D:7            Lair (5/5) D:11
  Swamp (4/4) Lair:2        Snake (4/4) Lair:2        Slime (0/5) Lair:4
    Orc (2/2) D:9             Elf (0/3) Orc:2        Vaults (2/5) D:14
 Depths (0/4) D:15         Bailey (visited)           IceCv (visited)
Gauntlet (visited)
  Crypt: Vaults:2-3

Altars:
Ashenzari
Cheibriados
Elyvilon
Fedhas
Gozag
Hepliaklqana
Makhleb
Nemelex Xobeh
Okawaru
Ru
Trog
Uskayaw
Yredelemnul
The Shining One
Jiyva

Shops:
D:4 (   D:5 =   D:15 :   Orc:2 [!(*   Snake:1 [   Snake:2 =

Annotations:
Vaults:2 2 runed translucent doors, Boris; Frederick; Kevimi's ghost, adept FeNe; Sojobo

▒.......▒ ▒. .▒ ▒.......▒ ▒. .▒
▒..>.... ▒▒ .▒ ▒....... ▒ .▒
▒....... ▒ .▒ ..... ▒
.▒▒▒▒▒▒▒▒▒▒▒▒▒▒'▒▒▒▒▒▒▒▒▒▒▒▒▒▒▒▒▒
.................@...............
...............9@................
▒▒▒▒▒▒▒▒▒▒▒▒▒...▒▒▒▒▒▒▒▒▒▒▒▒▒▒...
▒▒▒▒▒▒▒▒▒...▒ ▒... ▒.......▒...▒
▒... ▒.▒▒▒.▒.'...▒ ▒...
▒.▒...▒.▒...▒ ▒... ▒.▒...▒.▒...▒
▒... ▒.▒.▒▒▒.▒...▒ ▒...
▒.......▒...▒ ▒...


You could see Frederick and a spellforged servitor (summoned).


Message History

The fiery plasma hits you. You resist.
* * * LOW HITPOINT WARNING * * *
Unknown command.
Unknown command.
You barely miss Frederick.
Frederick is almost dead.
You barely miss the spellforged servitor.
The spellforged servitor casts a spell.
The bolt of lightning hits you! You resist.
* * * LOW HITPOINT WARNING * * *
The fiery plasma hits you. You resist.
* * * LOW HITPOINT WARNING * * *
Frederick mumbles some strange words.
The bolt of lightning hits you. You resist.
* * * LOW HITPOINT WARNING * * *
The fiery plasma hits you! You resist.
* * * LOW HITPOINT WARNING * * *
You slash Frederick! You burn Frederick.
Frederick is almost dead.
You hit the spellforged servitor but do no damage.
Unknown command.
Okay, then.
A red film seems to cover your vision as you go berserk!
You feel yourself moving faster!
You feel mighty!
Frederick says, "Perhaps I should have been a lumberjack.
The trees might put up more of a fight."
You block Frederick's attack.
The spellforged servitor points at you and mumbles some strange words.
The iron shot hits you!!
You die...
Ignis goes out, and joins you in death.

Skill      XL: |  1  2  3  4  5  6  7  8  9 10 11 12 13 14 15 16 17 18 19 |
---------------+----------------------------------------------------------+-----
Armour         | 1 2 3 4 5 6 7 9 10 11 12 13 14 15 17 | 17.2
Axes           | 4 5 6 7 8 9 10 12 13 14 15 16 17 18 | 18.0
Fire Magic     | 4 5 6 7 9 10 11 12 13 14 16 | 16.7
Fighting       | 4 5 6 7 8 10 11 13 14 15 17 18 19 | 19.5
Spellcasting   | 2 3 4 5 |  5.8
Shields        | 1 2 4 5 7 8 10 11 13 14 15 | 15.0
Stealth        | 3 6 |  6.0
Air Magic      | 5 6 7 8 9 10 | 10.9

Action                     |  1- 3 |  4- 6 |  7- 9 | 10-12 | 13-15 | 16-18 | 19-21 || total
---------------------------+-------+-------+-------+-------+-------+-------+-------++-------
  Melee: Hand axe          |   117 |    59 |   103 |       |       |       |       ||   279
         War axe           |       |       |    43 |   204 |       |       |       ||   247
         Broad axe         |       |       |       |   392 |   803 |  1714 |   748 ||  3657
   Cast: Scorch            |    14 |    88 |   168 |   210 |    70 |    26 |       ||   576
         Airstrike         |       |       |       |       |     4 |   269 |    40 ||   313
         Plasma Beam       |       |       |       |       |       |     1 |    20 ||    21
         Summon Blazeheart |       |       |       |       |       |     1 |       ||     1
Ability: Evoke Blink       |       |       |       |     1 |       |       |       ||     1
  Evoke: Wand              |       |       |     4 |    17 |     4 |     5 |     7 ||    37
         Phial of floods   |       |       |       |       |     1 |     1 |     1 ||     3
         Condenser vane    |       |       |       |       |       |     1 |       ||     1
    Use: Scroll            |       |     1 |       |    19 |    11 |     8 |     2 ||    41
         Potion            |       |       |     7 |     6 |     6 |    19 |     2 ||    40
   Stab: Paralysed         |       |       |       |     4 |       |       |       ||     4
         Sleeping          |       |       |       |     4 |     7 |     1 |     1 ||    13
         Distracted        |       |       |       |       |     2 |       |     1 ||     3
         Invisible         |       |       |       |       |     3 |       |       ||     3
         Confused          |       |       |       |       |       |       |     1 ||     1
 Armour: Robe              |    60 |       |       |       |       |       |       ||    60
         Ring mail         |    42 |    67 |   203 |   312 |       |       |       ||   624
         Scale mail        |       |       |       |   348 |    18 |       |       ||   366
         Plate armour      |       |       |       |    21 |       |   273 |       ||   294
         Chain mail        |       |       |       |       |   220 |       |       ||   220
         Pearl dragon scal |       |       |       |       |   497 |  1527 |   938 ||  2962
  Dodge: Dodged            |    68 |    41 |   109 |   220 |   248 |   375 |   250 ||  1311
  Block: Kite shield       |       |    45 |   172 |   583 |   846 |  1256 |   524 ||  3426
         Reflection        |       |       |       |       |       |    11 |       ||    11

Levels and vault maps discovered:
D:1:      grunt_arrival_lava_bath, layout_basic
D:2:      layout_rooms, serial_rivers, chequers_serial_rivers_room_b,
          chequers_serial_rivers_micro_d, chequers_serial_rivers_large_b,
          chequers_serial_rivers_room_a, chequers_serial_rivers_micro_e
D:3:      layout_loops_corners, nicolae_uskayaw_murder_on_the_dancefloor,
          mainiacjoe_overflow_surrounded_room
D:4:      layout_loops_ring, mainiacjoe_overflow_tiny_flanked,
          mainiacjoe_overflow_24_doors, mainiacjoe_overflow_swirl, serial_shops,
          shop, minmay_misc_feat_plants, uniq_duvessa, uniq_eustachio,
          uniq_robin
D:5:      layout_basic, serial_shops, shop
D:6:      kennysheep_steamy, layout_basic, corexii_hall_statues_x, uniq_menkaure
D:7:      layout_basic, lemuel_crystal_altar,
          mainiacjoe_overflow_small_starburst, lemuel_temple_firewalk_a
D:8:      layout_basic, nicolae_overflow_hidden_temple, uniq_joseph
D:9:      minmay_the_grid_plus_closed [minmay_the_grid_minigrid_medium,
          minmay_the_grid_dragon_b, minmay_the_grid_outer_circle,
          minmay_the_grid_garden, minmay_the_grid_prize_big_room],
          layout_irregular_city, erik_orc_1, grunt_ministairs_2,
          minmay_hollow_rounded_squares
D:10:     layout_basic, lemuel_mausoleum_altar_yredelemnul, special_room
          [special_room_kobold], enter_bailey_4
D:11:     layout_irregular_city, lair_entry_dummy, serial_ice, serial_ice_d,
          serial_ice_h, serial_ice_b, serial_ice_c, portal_ice_cave_rime,
          uniq_harold
D:12:     layout_cave_pods, minivault_25_ag, uniq_lodul
D:13:     layout_loops_ring, gauntlet_entry_generic
D:14:     layout_big_octagon, ximxim_vaults_locker_room, minivault_11,
          nicolae_ashenzari_skybound
D:15:     hangedman_depths_entry_civil_slaughter, layout_long_grid,
          hangedman_glass_teeth, nicolae_shop_i_like_big_books
Lair:1:   layout_regular_city, st_stairs_10, lemuel_centaur_altar,
          grunt_megastairs_3
Lair:2:   layout_gridlike, minmay_swamp_entry_eels,
          minmay_snake_entry_guardpost_medium, chequers_serial_rivers_room_b,
          kennysheep_rathole, uniq_maggie
Lair:3:   layout_small_grid, infiniplex_staircase_pool, lemuel_fruit_tree,
          serial_bayou_shore_a, uniq_kirke
Lair:4:   layout_gridlike, nicolae_slime_entry_field_trip, lemuel_fruit_fields
Lair:5:   minmay_lair_end_frog_pond, layout_gridlike, st_stairs_4,
          chequers_serial_rivers_small_b, uniq_urug
Swamp:1:  layout_falls_marsh, nicolae_swamp_trees_clearing
Swamp:2:  layout_basic_swamp, serial_swamp_ruin, evilmike_swamp_ruin_house_6,
          hangedman_swamp_ruin_wall, evilmike_swamp_ruin_house_3
Swamp:3:  layout_falls_marsh, evilmike_swamp_ruin_house_5, swamp_pool_3,
          uniq_donald
Swamp:4:  swamp_pestilence, layout_basic_swamp, swamp_pool_1_2
Snake:1:  layout_misc_corridors, serial_shops, shop
Snake:2:  layout_misc_corridors, serial_shops, nicolae_shop_hallway_plus,
          nicolae_snake_gridmaze_tees, uniq_aizul, uniq_vashnia, uniq_agnes,
          uniq_mlioglotl
Snake:3:  layout_misc_corridors, nicolae_snake_gridmaze_waves, uniq_saint_roka,
          uniq_nikola
Snake:4:  snake_hunt, layout_cave_town, basic_altar, grunt_megastairs_4
Orc:1:    layout_diamond_mine
Orc:2:    st_orc_rangers, layout_caves, mines5_lemuel
Vaults:1: dpeg_vaults_monster_row, nicolae_vaults_cochlea,
          nicolae_vaults_little_squares_5, nicolae_vaults_layer_cake_slice,
          v_rooms_6, nicolae_vaults_network_barrier,
          nicolae_vaults_angled_halls, v_misc_28, nicolae_vaults_alarming,
          nicolae_vaults_closet_pinwheel_6, nicolae_vaults_house_1,
          grunt_vaults_hallway_short, nicolae_vaults_diamond_2,
          nicolae_vaults_double_plus_1, layout_vaults_chaotic_city
Vaults:2: ebering_ghost_disaster_area, nicolae_vaults_halls_meeting, v_misc_10,
          v_alt_pattern_4, nicolae_vaults_octothorpe, vaults_dpeg_hooks,
          v_misc_4, layout_vaults_omnigrid, uniq_boris, uniq_frederick,
          uniq_bai_suzhen, uniq_sojobo

Notes
Turn   | Place    | Note
-------+----------+-------------------------------------------
     0 | D:1      | cforsyth the Mountain Dwarf Cinder Acolyte began the quest
                  | for the Orb.
     0 | D:1      | Reached XP level 1. HP: 19/19 MP: 2/2
   207 | D:1      | Reached XP level 2. HP: 26/26 MP: 3/3
   449 | D:1      | Reached skill level 1 in Armour
   523 | D:1      | Learned a level 2 spell: Scorch
   783 | D:2      | Reached XP level 3. HP: 31/31 MP: 2/5
   878 | D:2      | Reached skill level 4 in Axes
   878 | D:2      | Reached skill level 4 in Fire Magic
  1412 | D:2      | Reached XP level 4. HP: 40/40 MP: 1/6
  2387 | D:3      | Reached skill level 4 in Fighting
  2387 | D:3      | Reached skill level 2 in Armour
  2761 | D:3      | Found a snail-covered altar of Cheibriados.
  2778 | D:3      | Reached XP level 5. HP: 46/46 MP: 0/7
  2912 | D:3      | Reached skill level 2 in Spellcasting
  2979 | D:3      | Found a hide-covered altar of Uskayaw.
  4079 | D:4      | Reached XP level 6. HP: 48/53 MP: 0/9
  4302 | D:4      | Found a hazy altar of Hepliaklqana.
  4330 | D:4      | Found an iron altar of Okawaru.
  4334 | D:4      | Noticed Dowan
  4337 | D:4      | Noticed Duvessa
  4499 | D:5      | Entered Level 5 of the Dungeon
  4557 | D:4      | Reached skill level 5 in Axes
  4651 | D:4      | Reached skill level 1 in Shields
  4809 | D:4      | Found a white marble altar of Elyvilon.
  4813 | D:4      | Reached skill level 3 in Armour
  4813 | D:4      | Reached skill level 5 in Fire Magic
  4950 | D:4      | Noticed Robin
  5178 | D:4      | Killed Robin
  5301 | D:4      | Killed Duvessa
  5302 | D:4      | Reached XP level 7. HP: 33/60 MP: 2/11
  5591 | D:4      | Killed Dowan
  5592 | D:4      | Reached skill level 2 in Shields
  6010 | D:4      | Found Asos's Weapon Shoppe.
  6076 | D:4      | Found a sparkling altar of Nemelex Xobeh.
  6087 | D:4      | Noticed Eustachio
  6098 | D:4      | Killed Eustachio
  6099 | D:4      | Reached skill level 5 in Fighting
  6099 | D:4      | Reached skill level 3 in Spellcasting
  6763 | D:4      | Reached skill level 4 in Armour
  6844 | D:4      | Reached skill level 6 in Axes
  6844 | D:4      | Reached XP level 8. HP: 47/68 MP: 3/12
  6917 | D:5      | Reached skill level 3 in Shields
  7062 | D:5      | Found Vayl's Jewellery Shoppe.
  7289 | D:5      | Reached skill level 6 in Fire Magic
  7627 | D:6      | Noticed Menkaure
  7640 | D:6      | Killed Menkaure
  7879 | D:6      | Reached skill level 6 in Fighting
  7958 | D:6      | Reached skill level 4 in Shields
  8353 | D:6      | Reached skill level 5 in Armour
  8353 | D:6      | Reached skill level 4 in Spellcasting
  8354 | D:6      | Reached skill level 7 in Axes
  8354 | D:6      | Reached XP level 9. HP: 39/75 MP: 1/15
  9106 | D:7      | Reached skill level 7 in Fire Magic
  9436 | D:7      | Reached skill level 5 in Shields
  9692 | D:7      | Found a staircase to the Ecumenical Temple.
  9921 | D:7      | Found a blossoming altar of Fedhas.
  9969 | D:7      | Found a bloodstained altar of Trog.
 10577 | D:7      | Reached skill level 6 in Armour
 10644 | D:7      | Reached skill level 7 in Fighting
 11106 | D:8      | Reached skill level 8 in Axes
 11126 | D:8      | Reached skill level 5 in Spellcasting
 11126 | D:8      | Reached XP level 10. HP: 34/86 MP: 12/17
 11137 | D:8      | Reached skill level 8 in Fire Magic
 11388 | D:8      | Found a glowing golden altar of the Shining One.
 11768 | D:8      | Noticed Joseph
 11949 | D:8      | Killed Joseph
 11950 | D:8      | Reached skill level 6 in Shields
 12208 | D:8      | Reached skill level 7 in Armour
 12720 | D:9      | Noticed a two-headed ogre
 12730 | D:9      | Killed a two-headed ogre
 12731 | D:9      | Reached skill level 8 in Fighting
 12733 | D:9      | Reached skill level 9 in Axes
 12981 | D:9      | Found a large runed translucent door.
 12981 | D:9      | Found a large runed translucent door.
 12990 | D:9      | Noticed a boulder beetle
 13081 | D:9      | Found a large runed translucent door.
 13082 | D:9      | Found a large runed translucent door.
 13084 | D:8      | Found an opulent altar of Gozag.
 13084 | D:8      | Found a burning altar of Makhleb.
 13429 | D:9      | Reached skill level 7 in Shields
 13591 | D:9      | Reached skill level 9 in Fire Magic
 13830 | D:9      | Noticed a tengu warrior
 13830 | D:9      | Noticed a cyclops
 13907 | D:9      | Reached XP level 11. HP: 28/95 MP: 14/19
 14351 | D:9      | Reached skill level 8 in Armour
 14442 | D:9      | Identified 2 potions of resistance
 14444 | D:9      | Noticed a two-headed ogre
 14455 | D:9      | Killed a two-headed ogre
 14469 | D:9      | Killed a tengu warrior
 14470 | D:9      | Reached skill level 9 in Fighting
 14731 | D:9      | Reached skill level 10 in Axes
 14750 | D:9      | Noticed a harpy
 15294 | D:9      | Reached skill level 8 in Shields
 15798 | D:9      | Found a staircase to the Orcish Mines.
 15989 | D:9      | Noticed a death knight
 16409 | D:10     | Entered Level 10 of the Dungeon
 16422 | D:10     | Found a flagged portal.
 16537 | Bailey   | Entered a bailey
 17070 | D:10     | Acquired a +2 heavy broad axe
 17072 | D:10     | Acquired the +3 broad axe "Qeasiots" {flame, +Blink rF++
                  | rC- Stlth+}
 17074 | D:10     | Acquired a manual of Stealth
 17607 | D:10     | Noticed a two-headed ogre
 17620 | D:10     | Killed a two-headed ogre
 17621 | D:10     | Reached skill level 9 in Armour
 17621 | D:10     | Reached skill level 1 in Stealth
 18036 | D:9      | Reached skill level 2 in Stealth
 18696 | D:10     | HP: 9/99 [something (8)]
 20036 | D:10     | Reached skill level 10 in Fighting
 20036 | D:10     | Reached skill level 3 in Stealth
 20039 | D:10     | Reached XP level 12. HP: 63/106 MP: 20/20
 20044 | D:10     | Reached skill level 11 in Axes
 20049 | D:10     | Reached skill level 9 in Shields
 20328 | D:10     | Found a basalt altar of Yredelemnul.
 20552 | D:11     | Noticed a two-headed ogre
 20564 | D:11     | Killed a two-headed ogre
 20565 | D:11     | Reached skill level 4 in Stealth
 20634 | D:11     | Found a frozen archway.
 20648 | IceCv    | Entered an ice cave
 20705 | IceCv    | Reached skill level 10 in Armour
 20861 | IceCv    | Reached skill level 5 in Stealth
 21015 | IceCv    | Reached skill level 10 in Shields
 21080 | IceCv    | Reached skill level 12 in Axes
 21082 | IceCv    | Reached skill level 11 in Fighting
 21092 | IceCv    | Reached skill level 6 in Stealth
 21204 | IceCv    | Noticed a death yak
 21204 | IceCv    | Noticed a death yak
 21204 | IceCv    | Noticed a death yak
 21235 | IceCv    | Killed a death yak
 21293 | IceCv    | Noticed a death yak
 21294 | IceCv    | Noticed a death yak
 21294 | IceCv    | Noticed a death yak
 21294 | IceCv    | Noticed an ironbound frostheart
 21294 | IceCv    | Noticed an ironbound frostheart
 21332 | IceCv    | Killed an ironbound frostheart
 21461 | IceCv    | Killed an ironbound frostheart
 21576 | IceCv    | Killed a death yak
 21577 | IceCv    | Reached XP level 13. HP: 79/116 MP: 21/21
 22004 | IceCv    | Found the +7 captain's cutlass {speed, disarm}
 22239 | D:11     | Reached skill level 11 in Armour
 22386 | D:11     | Noticed Harold
 22395 | D:11     | Killed Harold
 22515 | D:11     | Found a staircase to the Lair.
 22588 | D:11     | Identified the maw talisman of Failure {Dex+8}
 22646 | D:11     | Identified the +0 whip of Upheaval {flame, rElec Dex+2}
 22831 | D:12     | Noticed Lodul
 22866 | D:12     | Upgraded the game from 0.32-a0-705-g60f233581c to
                  | 0.32-a0-711-g016ad743e0
 22916 | D:12     | Identified a potion of experience
 22918 | D:12     | Reached skill level 5 in Air Magic
 22918 | D:12     | Reached XP level 14. HP: 125/125 MP: 22/22
 23324 | D:12     | Reached skill level 11 in Shields
 23775 | D:12     | Identified the +4 rapier "Curuur" {venom, rF+ Will+}
 23822 | D:12     | Reached skill level 13 in Axes
 24532 | D:13     | Found a gate leading to a gauntlet.
 24543 | Gauntlet | Entered a Gauntlet
 24543 | Gauntlet | Found a transporter.
 24543 | Gauntlet | Found a transporter.
 24544 | Gauntlet | Found a transporter.
 24547 | Gauntlet | Found a transporter.
 24547 | Gauntlet | Found a transporter.
 24561 | Gauntlet | Found a transporter.
 24563 | Gauntlet | Found a transporter.
 24571 | Gauntlet | Found a transporter.
 24576 | Gauntlet | Found a transporter.
 24595 | Gauntlet | Found a transporter.
 24599 | Gauntlet | Found a transporter.
 24613 | Gauntlet | Found a transporter.
 24863 | Gauntlet | Reached skill level 12 in Fighting
 24885 | Gauntlet | Identified an amulet "Buskugri" {Spirit rElec rC+ MP-9}
 25277 | Gauntlet | Identified +1 pearl dragon scales
 25298 | Gauntlet | Identified a scarf of resistance
 25514 | D:13     | Identified the +1 shortbow of Ano Keiv {drain, rN++}
 26240 | D:12     | Killed Lodul
 26359 | Lair:1   | Entered Level 1 of the Lair of Beasts
 26459 | Lair:1   | Found a sacrificial altar of Ru.
 27104 | Lair:1   | Reached skill level 10 in Fire Magic
 27654 | Lair:2   | Noticed Maggie
 27675 | Lair:2   | Killed Maggie
 27707 | Lair:2   | Found a staircase to the Swamp.
 27751 | Lair:2   | Reached skill level 12 in Armour
 27837 | Lair:2   | Reached skill level 6 in Air Magic
 28420 | Lair:2   | Reached skill level 13 in Fighting
 28421 | Lair:2   | Reached XP level 15. HP: 132/135 MP: 23/23
 28609 | Lair:2   | Found a staircase to the Snake Pit.
 28839 | Lair:3   | Identified the +0 scale mail of Decvu {Str+7 Slay-5}
 29228 | Lair:3   | Reached skill level 12 in Shields
 29278 | Lair:3   | Noticed Kirke
 29293 | Lair:3   | Killed Kirke
 30225 | Lair:4   | You fall into a shaft and drop 1 floor!
 30225 | Lair:5   | Entered Level 5 of the Lair of Beasts
 30240 | Lair:5   | Reached skill level 14 in Axes
 30596 | Lair:4   | Found a viscous altar of Jiyva.
 30596 | Lair:4   | Found a staircase to the Slime Pits.
 30818 | Lair:4   | Reached skill level 11 in Fire Magic
 31166 | Lair:4   | Learned a level 4 spell: Airstrike
 31402 | Lair:5   | Reached skill level 14 in Fighting
 32019 | Lair:5   | Reached skill level 13 in Armour
 32039 | Lair:5   | Reached skill level 7 in Air Magic
 32097 | Lair:5   | Reached skill level 13 in Shields
 32097 | Lair:5   | Reached XP level 16. HP: 147/147 MP: 24/24
 32110 | Lair:5   | Reached skill level 15 in Fighting
 32232 | Lair:5   | Identified a scarf of resistance
 32238 | Lair:5   | Identified a scarf of resistance
 32383 | Lair:5   | Noticed Urug
 32403 | Lair:5   | Killed Urug
 33116 | Orc:1    | Entered Level 1 of the Orcish Mines
 33275 | Orc:1    | Reached skill level 12 in Fire Magic
 33474 | Orc:2    | Entered Level 2 of the Orcish Mines
 33616 | Orc:2    | Reached skill level 15 in Axes
 33923 | Orc:2    | Reached XP level 17. HP: 156/156 MP: 15/25
 34315 | Orc:2    | Found Zotwaoq's Weapon Shop.
 34315 | Orc:2    | Found Doyjinot's Distillery.
 34317 | Orc:2    | Found Segackorgh's Armour Shoppe.
 34319 | Orc:2    | Found Paeqil's Assorted Antiques.
 34371 | Orc:2    | Found a staircase to the Elven Halls.
 34567 | Orc:2    | Bought a potion of mutation for 88 gold pieces
 34567 | Orc:2    | Bought a potion of haste for 110 gold pieces
 34752 | D:9      | Learned a level 4 spell: Summon Blazeheart Golem
 34759 | D:9      | Learned a level 6 spell: Plasma Beam
 35123 | D:14     | Found a broken altar of Ashenzari.
 35710 | D:14     | Found a gate to the Vaults.
 35826 | D:15     | Entered Level 15 of the Dungeon
 36067 | D:15     | Found a staircase to the Depths.
 36182 | D:15     | Identified the +3 long sword of Interdependent Arising
                  | {flame, rF++ rCorr Int-4}
 36369 | D:15     | Found Juiptu's Tremendous Tomes.
 36546 | D:15     | Reached skill level 16 in Fighting
 37191 | Snake:1  | Entered Level 1 of the Snake Pit
 37565 | Snake:1  | Found Ferantuj's Armour Emporium.
 37644 | Snake:1  | HP: 15/158 [naga mage/+0 club (6)]
 37646 | Snake:1  | Reached skill level 14 in Armour
 38306 | Snake:2  | Reached skill level 8 in Air Magic
 38474 | Snake:2  | Identified the serpent talisman of Ynuaj {*Corrode rN+++
                  | MP+9 Stlth-}
 38474 | Snake:2  | Noticed Aizul
 38620 | Snake:1  | Killed Aizul
 39387 | Snake:2  | Found Plog's Jewellery Boutique.
 39434 | Snake:2  | Noticed Mlioglotl
 39479 | Snake:1  | Killed Mlioglotl
 39763 | Snake:2  | Bought the ring of the Shining Light {rPois Will+ Dex+2
                  | Slay+2} for 829 gold pieces
 39803 | Snake:2  | Reached skill level 14 in Shields
 39803 | Snake:2  | Reached skill level 13 in Fire Magic
 39914 | Snake:2  | Noticed Vashnia
 39953 | Snake:2  | Noticed Agnes
 39965 | Snake:2  | Killed Agnes
 41030 | Snake:2  | Found Plog's Jewellery Boutique.
 41332 | Snake:2  | Killed Vashnia
 41977 | Snake:3  | Reached skill level 16 in Axes
 42074 | Snake:3  | Reached skill level 17 in Fighting
 42408 | Snake:3  | Identified the +10 halberd "Matwid" {pain, Str+4}
 44656 | Snake:3  | Reached XP level 18. HP: 135/170 MP: 1/26
 44822 | Snake:3  | Noticed Saint Roka
 44988 | Snake:2  | Killed Saint Roka
 45284 | Snake:3  | Noticed Nikola
 47116 | Snake:3  | Killed Nikola
 47309 | Snake:4  | Entered Level 4 of the Snake Pit
 48335 | Snake:4  | Found a snail-covered altar of Cheibriados.
 48587 | Snake:4  | Reached skill level 15 in Armour
 49393 | Snake:3  | Reached skill level 14 in Fire Magic
 50618 | Snake:4  | Reached skill level 9 in Air Magic
 51968 | Snake:3  | Reached skill level 15 in Shields
 52818 | Snake:4  | HP: 14/171 [constriction (4)]
 52823 | Snake:4  | HP: 10/171 [constriction (5)]
 54032 | Snake:4  | Reached skill level 18 in Fighting
 55209 | Snake:4  | Reached skill level 17 in Axes
 55415 | Snake:3  | HP: 15/172 [poisoned by a nagaraja (splash of poison)]
 55420 | Snake:3  | HP: 12/172 [poisoned by a nagaraja (splash of poison)]
 56136 | Snake:4  | Got a serpentine rune of Zot
 56456 | Swamp:1  | Entered Level 1 of the Swamp
 59899 | Swamp:3  | Noticed Donald
 60127 | Swamp:3  | Killed Donald
 60892 | Swamp:3  | Reached XP level 19. HP: 180/180 MP: 5/27
 61157 | Swamp:3  | Reached skill level 15 in Fire Magic
 61592 | Swamp:4  | Entered Level 4 of the Swamp
 62670 | Swamp:4  | Reached skill level 16 in Armour
 63591 | Swamp:4  | Noticed a bone dragon
 63640 | Swamp:4  | Killed a bone dragon
 63941 | Swamp:4  | Got a decaying rune of Zot
 64387 | Vaults:1 | Entered Level 1 of the Vaults
 64553 | Vaults:1 | Reached skill level 10 in Air Magic
 65249 | Vaults:1 | Reached skill level 18 in Axes
 65267 | Vaults:1 | HP: 14/181 [deep troll[an ironbound preserver] (15)]
 66034 | Vaults:1 | Reached skill level 19 in Fighting
 66053 | Vaults:1 | Reached skill level 16 in Fire Magic
 68172 | Vaults:2 | Noticed Sojobo
 68707 | Vaults:2 | Reached skill level 17 in Armour
 68722 | Vaults:2 | Reached XP level 20. HP: 180/191 MP: 16/28
 68967 | Vaults:2 | Noticed Bai Suzhen
 69225 | Vaults:2 | Killed Bai Suzhen
 69564 | Vaults:2 | Identified the orb of Baim Jewupn {*channel, rF+}
 69564 | Vaults:2 | Noticed Frederick
 69592 | Vaults:2 | Identified the +3 robe of Shielding {*Slow rC+ Str+5}
 69592 | Vaults:2 | Noticed Boris
 69982 | Vaults:2 | Found a large runed translucent door.
 69982 | Vaults:2 | Found a large runed translucent door.
 69983 | Vaults:2 | Noticed Kevimi's ghost (adept FeNe)
 70117 | Vaults:2 | HP: 18/191 [Frederick (9)]
 70119 | Vaults:2 | Killed from afar by a spellforged servitor

Vanquished Creatures
  Saint Roka (Snake:2)
  Bai Suzhen (Vaults:2)
  Vashnia (Snake:2)
  Nikola (Snake:3)
  A bone dragon (Swamp:4)
  Mlioglotl (Snake:1)
  Aizul (Snake:1)
  Agnes (Snake:2)
  Donald (Swamp:3)
  Kirke (Lair:3)
  9 nagarajas
  A fenstrider witch (Swamp:4)
  7 vault wardens
  An orc warlord (Vaults:1)
  7 ironbound preservers
  An ironbound thunderhulk (Vaults:1)
  An eleionoma (Swamp:1)
  A deep elf demonologist (Vaults:2)
  A deep elf death mage (Vaults:2)
  A war gargoyle (Vaults:2)
  2 dire elephants
  An ettin (D:15)
  3 bunyips
  A minotaur (Gauntlet)
  2 crystal guardians (Vaults:1)
  A shambling mangrove (Swamp:1)
  3 yaktaur captains
  An entropy weaver (Vaults:1)
  3 great orbs of eyes
  Harold (D:11)
  5 vault guards (D:14)
  10 hydras
  5 salamander tyrants
  2 ghost crabs
  A centaur warrior (D:12)
  2 peacekeepers
  4 ironbound frosthearts
  5 two-headed ogres
  8 boulder beetles
  A death knight (D:9)
  9 alligators
  2 tengu warriors
  7 anacondas
  11 death yaks
  19 naga warriors
  An occultist (D:15)
  4 shock serpents
  12 naga sharpshooters
  Urug (Lair:5)
  3 skysharks
  3 salamander mystics
  5 goliath frogs
  A spriggan druid (Swamp:1)
  Lodul (D:12)
  27 deep trolls (Vaults:1)
  3 mana vipers (Snake:3)
  4 spectral hydras (Swamp:4)
  4 naga ritualists
  2 glowing orange brains
  2 spectral alligators (Swamp:4)
  5 swamp dragons
  3 necromancers
  3 phantasmal warriors
  6 bog bodies
  2 lindwurms (Vaults:1)
  8 ironbound convokers
  3 orc knights
  5 ugly things
  7 harpies (Vaults:2)
  An alligator zombie (Swamp:4)
  2 orc sorcerers
  A will-o-the-wisp (Swamp:4)
  13 salamanders
  5 cyclopes
  4 centaur zombies (D:10)
  A tengu skeleton (Vaults:1)
  A manticore (D:11)
  An ice statue (IceCv)
  3 meliai (D:15)
  A human skeleton (Vaults:1)
  10 elephants
  6 vault sentinels
  35 black mambas
  7 kobold blastminers
  12 guardian serpents
  Joseph (D:8)
  2 gargoyles
  19 naga magi
  A torpor snail (Gauntlet)
  17 cane toads
  An unseen horror zombie (D:10)
  Maggie (Lair:2)
  4 rime drakes
  4 kobold demonologists
  11 yaktaurs
  7 komodo dragons
  4 swamp worm zombies (Swamp:4)
  A tengu conjurer (D:15)
  4 hydra zombies (Swamp:4)
  4 bloated husks
  10 trolls
  9 polar bears
  15 hornets
  23 blink frogs
  A spectral swamp dragon (Swamp:4)
  6 tyrant leeches
  12 dream sheep
  9 slime creatures
  A deep troll skeleton (Vaults:1)
  A water elemental (D:14)
  2 wraiths
  3 centaur simulacra
  2 vampires
  3 basilisks
  A hog (Lair:3)
  8 wyverns
  6 steam dragons
  A yak (shapeshifter) (D:15)
  82 yaks
  4 tyrant leech zombies (Swamp:4)
  Eustachio (D:4)
  11 spriggans
  4 humans (D:14)
  A golden eye (shapeshifter) (D:8)
  9 wargs
  2 redbacks (Vaults:1)
  16 vampire mosquitoes
  Menkaure (D:6)
  2 acid dragons
  48 nagas
  9 swamp worms
  8 water moccasins
  2 swamp drakes
  33 orc warriors
  Duvessa (D:4)
  3 swamp dragon zombies (Swamp:4)
  2 ice beasts (D:11)
  2 laughing skulls (D:14)
  14 ogres
  A boggart (D:9)
  28 wolves
  15 centaurs
  8 phantoms
  12 kobold brigands (D:10)
  20 bullfrogs
  A gnoll sergeant (D:12)
  4 scorpions
  16 wights
  Dowan (D:4)
  11 killer bees
  5 howler monkeys
  8 electric eels
  5 bombardier beetles
  2 human zombies
  9 jellies
  5 hounds
  15 orc priests
  3 gnoll boudas
  5 iguanas
  2 sleepcaps
  18 orc wizards
  2 hell rats (Lair:2)
  2 howler monkey zombies (D:10)
  2 mummies (D:10)
  Robin (D:4)
  27 gnolls
  7 adders
  8 river rats (Lair:2)
  A shadow imp (D:5)
  3 white imps
  6 ufetubi
  4 dart slugs
  3 ribbon worms
  82 orcs
  3 ball pythons (D:1)
  6 endoplasms
  3 giant cockroaches
  17 goblins
  6 hobgoblins
  6 jackals
  3 quokkas
  8 bats
  3 frilled lizards
  17 kobolds
  4 rats
1234 creatures vanquished.

Vanquished Creatures (collateral kills)
  A nagaraja (Snake:4)
1 creature vanquished.

Vanquished Creatures (others)
  2 vault guards (D:14)
  An ironbound frostheart (IceCv)
  A death yak (IceCv)
  2 bloated husks
  A human (D:13)
  A vampire mosquito (Swamp:4)
  A naga (Snake:2)
  An orc wizard (D:9)
  A blazeheart core (Snake:3)
  6 foxfires (Swamp:4)
17 creatures vanquished.

Grand Total: 1252 creatures vanquished

Table legend: (Time is in decaauts)
 A = Elapsed time spent in this place.
 B = Non-inter-level travel time spent in this place.
 C = Inter-level travel time spent in this place.
 D = Time resting spent in this place.
 E = Time spent auto-exploring this place.
 F = Levels seen in this place.
 G = Mean time per level.
                   A        B        C        D        E       F      G
               +--------+--------+--------+--------+--------+-----+--------+
         Total |  70480 |  68155 |   2325 |  24160 |  29889 |  35 | 2013.7 |
       Dungeon |  26584 |  25280 |   1304 |   6421 |  14048 |  15 | 1772.3 |
          Lair |   7470 |   7032 |    438 |   1715 |   3821 |   5 | 1494.0 |
         Swamp |   7539 |   7398 |    141 |   2703 |   3519 |   4 | 1884.8 |
     Snake Pit |  18894 |  18576 |    318 |  10819 |   4504 |   4 | 4723.5 |
  Orcish Mines |   1489 |   1434 |     55 |    260 |    634 |   2 |  744.5 |
        Vaults |   5614 |   5547 |     67 |   1302 |   2894 |   2 | 2807.0 |
        Bailey |    488 |    488 |      0 |    130 |     61 |   1 |  488.0 |
      Ice Cave |   1590 |   1590 |      0 |    536 |    263 |   1 | 1590.0 |
      Gauntlet |    810 |    810 |      0 |    273 |    143 |   1 |  810.0 |
               +--------+--------+--------+--------+--------+-----+--------+

Top non-repeatable levels by time:
 Snake:3: 9304 daAuts
 Snake:2: 5060 daAuts
Vaults:1: 4039 daAuts
     D:8: 4028 daAuts
     D:9: 3339 daAuts
 Snake:4: 2828 daAuts
     D:3: 2417 daAuts
 Swamp:4: 2206 daAuts
 Swamp:2: 2175 daAuts
    D:10: 2081 daAuts
     D:7: 2003 daAuts
  Lair:2: 1863 daAuts
     D:4: 1780 daAuts
 Snake:1: 1700 daAuts
 Swamp:3: 1694 daAuts

Table legend:
 A = Non-vault XP
 B = Vault XP
 C = Vault XP percentage of total XP
 D = Non-vault monster count
 E = Vault monster count
 F = Vault count percentage of total count
                 A         B        C        D         E       F
            +---------+---------+-------+---------+---------+-------
      Total |  215955 |  185141 |  46.2 |     733 |     508 |  40.9
            +---------+---------+-------+---------+---------+-------
        D:1 |      40 |       0 |   0.0 |      21 |       0 |   0.0
        D:2 |     112 |       0 |   0.0 |      25 |       0 |   0.0
        D:3 |     291 |       7 |   2.3 |      25 |       4 |  13.8
        D:4 |     328 |     426 |  56.5 |      13 |      11 |  45.8
        D:5 |     489 |       0 |   0.0 |      17 |       0 |   0.0
        D:6 |     854 |     519 |  37.8 |      21 |       3 |  12.5
        D:7 |    1418 |       0 |   0.0 |      24 |       0 |   0.0
        D:8 |    3375 |     838 |  19.9 |      35 |       3 |   7.9
        D:9 |    1726 |    8748 |  83.5 |      12 |      45 |  78.9
       D:10 |    3240 |    3720 |  53.4 |      20 |      37 |  64.9
       D:11 |    3758 |    2934 |  43.8 |      16 |      14 |  46.7
       D:12 |    7195 |    1443 |  16.7 |      19 |       7 |  26.9
       D:13 |    2209 |       0 |   0.0 |       9 |       0 |   0.0
       D:14 |    4341 |    5112 |  54.1 |      11 |       9 |  45.0
       D:15 |    3841 |    3852 |  50.1 |       8 |       5 |  38.5
     Lair:1 |    4226 |    2914 |  40.8 |      18 |      12 |  40.0
     Lair:2 |    6729 |    1542 |  18.6 |      29 |      21 |  42.0
     Lair:3 |    5381 |    1554 |  22.4 |      21 |       2 |   8.7
     Lair:4 |    5473 |    1557 |  22.1 |      18 |       9 |  33.3
     Lair:5 |   16267 |   11396 |  41.2 |      45 |      35 |  43.8
    Swamp:1 |    6759 |       0 |   0.0 |      15 |       0 |   0.0
    Swamp:2 |   14278 |       0 |   0.0 |      28 |       0 |   0.0
    Swamp:3 |    8749 |    1364 |  13.5 |      17 |       1 |   5.6
    Swamp:4 |    9482 |   16185 |  63.1 |      15 |      44 |  74.6
    Snake:1 |    9307 |    3265 |  26.0 |      18 |       2 |  10.0
    Snake:2 |   16077 |    9566 |  37.3 |      30 |       6 |  16.7
    Snake:3 |   27418 |   18794 |  40.7 |      63 |      35 |  35.7
    Snake:4 |    8725 |   18266 |  67.7 |      21 |      23 |  52.3
      Orc:1 |    2361 |    2018 |  46.1 |      32 |       8 |  20.0
      Orc:2 |    3118 |    5841 |  65.2 |      24 |      35 |  59.3
   Vaults:1 |   27147 |   29971 |  52.5 |      44 |      38 |  46.3
   Vaults:2 |   11241 |   14337 |  56.1 |      19 |      15 |  44.1
     Bailey |       0 |     292 | 100.0 |       0 |      21 | 100.0
      IceCv |       0 |   13833 | 100.0 |       0 |      54 | 100.0
   Gauntlet |       0 |    4847 | 100.0 |       0 |       9 | 100.0
            +---------+---------+-------+---------+---------+-------
